 Dungeon Crawl Stone Soup version 0.29.1-12-g30fa7ad0bf (webtiles) character file.

Game seed: 4292997576484479140

850 FaviusArthum the Conjurer (level 7, -30/37 HPs)
             Began as a Deep Elf Conjurer on Jan 14, 2023.
             Was an Initiate of Sif Muna.
             Annihilated by a komodo dragon (31 damage)
             ... on level 5 of the Dungeon.
             The game lasted 00:26:20 (7738 turns).

FaviusArthum the Conjurer (Deep Elf Conjurer)       Turns: 7738, Time: 00:26:20

Health: -30/37     AC:  5    Str:  4    XL:     7   Next: 69%
Magic:  21/27      EV: 13    Int: 25    God:    Sif Muna [......]
Gold:   147        SH:  0    Dex: 13    Spells: 11/18 levels left

rFire   . . .      SeeInvis .   B - +2 quarterstaff (drain)
rCold   . . .      Faith    .   (shield currently unavailable)
rNeg    . . .      Spirit   .   a - +0 robe
rPois   .          Reflect  .   r - +0 helmet
rElec   .          Harm     .   (no cloak)
rCorr   .          Rampage  .   y - +1 pair of gloves
Will    .....                   (no boots)
Stlth   +++.......              (no amulet)
HPRegen 0.12/turn               v - ring of magical power
MPRegen 0.20/turn               (no ring)

@: no status effects
A: no striking features
a: Renounce Religion


You were on level 5 of the Dungeon.
You worshipped Sif Muna.
Sif Muna was noncommittal.
You visited 2 branches of the dungeon, and saw 6 of its levels.

You collected 189 gold pieces.
You spent 42 gold pieces at shops.

Inventory:

Hand Weapons
 g - a +0 short sword
 l - a +0 dagger
 A - a +0 great sword
 B - a +2 quarterstaff of draining (weapon)
Missiles
 k - 3 poisoned darts
Armour
 a - a +0 robe (worn)
 r - a +0 helmet (worn)
 y - a +1 pair of gloves (worn)
Jewellery
 j - an amulet of guardian spirit
 v - a ring of magical power (left hand)
Wands
 d - a wand of flame (24)
Scrolls
 c - 2 scrolls of poison
 i - a scroll of torment {unknown}
 m - 2 scrolls of identify
 n - 2 scrolls of immolation {unknown}
 p - 3 scrolls of brand weapon {unknown}
 q - a scroll of enchant weapon {unknown}
 u - 2 scrolls of enchant armour {unknown}
 w - 2 scrolls of magic mapping {unknown}
Potions
 b - a potion of magic
 e - a potion of mutation {unknown}
 f - 5 potions of might {unknown}
 h - 2 potions of attraction {unknown}
 o - 5 potions of curing {unknown}
 s - a potion of lignification {unknown}
 t - a potion of ambrosia {unknown}
 x - 5 potions of flight {unknown}
 z - a potion of heal wounds {unknown}


   Skills:
 + Level 0.7 Fighting
 + Level 3.6 Dodging
 + Level 4.7 Stealth
 + Level 6.1 Spellcasting
 + Level 7.6 Conjurations
 * Level 4.0 Hexes


You had 11 spell levels left.
You knew the following spells:

 Your Spells              Type           Power      Damage    Failure   Level
a - Magic Dart            Conj           100%       1d8       1%          1
b - Searing Ray           Conj           90%        2d7       1%          2
c - Fulminant Prism       Conj/Hex       18%        3d11      7%          4

Your spell library contained the following spells:

 Spells                   Type           Power      Damage    Failure   Level
 Shock                    Conj/Air       100%       1d9       1%          1
 Dazzling Flash           Conj/Hex       72%        N/A       1%          3
 Poisonous Vapours        Pois/Air       14%        N/A       11%         2
 Iskenderun's Mystic Bla  Conj/Tloc      26%        2d7       16%         4
 Swiftness                Air            7%         N/A       22%         3
 Fireball                 Conj/Fire      13%        3d7       41%         5
 Airstrike                Air            3%         2d(1-17)  58%         4
 Corpse Rot               Necr/Pois/Air  7%         N/A       58%         4
 Starburst                Conj/Fire      13%        6d5       94%         6
 Ignition                 Fire           3%         3d4       100%        8


Dungeon Overview and Level Annotations

Branches:
Dungeon (5/15)             Temple (1/1) D:5

Altars:
Ashenzari
Cheibriados
Dithmenos
Fedhas
Gozag
Hepliaklqana
Kikubaaqudgha
Makhleb
Nemelex Xobeh
Okawaru
Qazlal
Ru
Sif Muna
Trog
Uskayaw
Wu Jian
Xom
Yredelemnul
The Shining One

Shops:
D:2 ?   D:4 *


Message History

Aim: a komodo dragon (87% to hit)
The searing ray hits the komodo dragon.
The komodo dragon is lightly wounded. (Press . to maintain the ray.)
Casting: Searing Ray (safe; 1% risk of failure)
Confirm with . or Enter, or press ? or * to list all spells.
Restarting spell: Searing Ray (safe; 1% risk of failure)
Press: ? - help, Shift-Dir - straight line, f/p - komodo dragon
Aim: a komodo dragon (lightly wounded, 87% to hit)
The searing ray hits the komodo dragon but does no damage.
The komodo dragon is lightly wounded. (Press . to maintain the ray.)
The komodo dragon barely misses you.
The komodo dragon attacks as you move away!
The komodo dragon bites you!
You hit the komodo dragon but do no damage.
The komodo dragon is lightly wounded.
The komodo dragon barely misses you.
You hit the komodo dragon.
The komodo dragon is lightly wounded.
The komodo dragon closely misses you. The komodo dragon bites you.
You barely miss the komodo dragon.
The komodo dragon is lightly wounded.
The komodo dragon bites you.
You hit the komodo dragon.
The komodo dragon is lightly wounded.
The komodo dragon bites you!!
Ouch! That really hurt!
* * * LOW HITPOINT WARNING * * *
Casting: Searing Ray (safe; 1% risk of failure)
Confirm with . or Enter, or press ? or * to list all spells.
Aiming: Searing Ray (safe; 1% risk of failure)
Press: ? - help, Shift-Dir - straight line, f/p - komodo dragon
Aim: a komodo dragon (lightly wounded, 87% to hit)
The searing ray hits the komodo dragon.
The komodo dragon is moderately wounded. (Press . to maintain the ray.)
The komodo dragon bites you!!
Ouch! That really hurt!
You die...

##...†...## ##..# #.# #..#.#
#.........####...#######.###....#
'.........'......................
#.........####...#.#####.###....#
##.......## #......# #.####.#.#
##.....## #.###..# #........#
##...## #.###..# ######.### ##'##
#.#....# #<# #.# #.#@##.# #.# #.#
#.#l##.# #####.### ##.## #.#.##.#
#........ ##...## #......#
#.###.#.# ###.....# ###.#### #.#
#.#.# .....#.####### #.# #.#
#.#.# .##.###....l.*...# #.#
#.... ###..#.########### #.#
###.# #.#.## #.# #.#


You could see a komodo dragon.

Vanquished Creatures
  Eustachio (D:5)
  An ice beast (D:5)
  A black bear (D:4)
  A scorpion (D:5)
  An orc priest (D:4)
  5 hounds
  A jelly (D:4)
  An iguana (D:4)
  Terence (D:2)
  2 orc wizards (D:4)
  2 gnolls
  6 adders
  A worm (D:4)
  A dart slug (D:3)
  12 orcs
  A bat (D:1)
  5 endoplasms
  3 giant cockroaches (D:2)
  4 goblins
  12 hobgoblins
  4 jackals (D:4)
  5 quokkas
  5 ball pythons
  2 frilled lizards (D:2)
  7 kobolds
  2 rats
87 creatures vanquished.

Vanquished Creatures (others)
  A fulminant prism (D:5)
1 creature vanquished.

Grand Total: 88 creatures vanquished

Notes
Turn   | Place    | Note
-------+----------+-------------------------------------------
     0 | D:1      | FaviusArthum the Deep Elf Conjurer began the quest for the
                  | Orb.
     0 | D:1      | Reached XP level 1. HP: 10/10 MP: 6/6
   373 | D:1      | Found a faded altar of an unknown god.
   428 | D:1      | Reached XP level 2. HP: 15/15 MP: 5/8
   431 | D:1      | Learned a level 2 spell: Searing Ray
   597 | D:2      | Reached skill level 5 in Conjurations
   607 | D:2      | Found Meonaow's Magic Scroll Emporium.
   639 | D:2      | Reached XP level 3. HP: 19/19 MP: 4/9
   845 | D:2      | Noticed Terence
   857 | D:2      | Killed Terence
  1047 | D:2      | Reached XP level 4. HP: 24/24 MP: 3/11
  1141 | D:2      | Learned a level 4 spell: Fulminant Prism
  2011 | D:3      | Reached skill level 6 in Conjurations
  3244 | D:4      | Noticed a black bear
  3245 | D:4      | Reached XP level 5. HP: 28/28 MP: 0/12
  3436 | D:3      | Reached skill level 1 in Hexes
  3761 | D:4      | Killed a black bear
  3762 | D:4      | Reached XP level 6. HP: 28/32 MP: 14/14
  4024 | D:4      | Reached skill level 5 in Spellcasting
  4129 | D:4      | Reached skill level 7 in Conjurations
  4752 | D:4      | Found Geerph's General Store.
  5211 | D:5      | Entered Level 5 of the Dungeon
  5223 | D:5      | Noticed Eustachio
  5394 | D:4      | Bought a scroll of teleportation for 42 gold pieces
  5400 | D:5      | Noticed an ice beast
  5812 | D:5      | Reached XP level 7. HP: 29/37 MP: 16/16
  6544 | D:5      | Noticed a komodo dragon
  6668 | D:5      | Killed Eustachio
  7119 | D:5      | Found a staircase to the Ecumenical Temple.
  7354 | Temple   | Entered the Ecumenical Temple
  7527 | Temple   | Became a worshipper of Sif Muna the Loreminder
  7737 | D:5      | HP: 1/37 [komodo dragon (19)]
  7738 | D:5      | Annihilated by a komodo dragon

Illustrated notes

Levels and vault maps discovered:
D:1:      dpeg_arrival_leaves_temple_mockup, layout_rooms,
          chequers_ecumenical_altar_lobes, st_stairs_4
D:2:      layout_loops_ring, serial_shops,
          nicolae_shop_temple_entry_statues_fountains, minmay_hexomino_c4,
          uniq_terence
D:3:      layout_basic
D:4:      layout_basic, serial_shops, nicolae_square_shop,
          minmay_misc_feat_enclosed, hangedman_abyss_or_decor_passed,
          minmay_diced_spiral
D:5:      layout_loops_corners, minmay_temple_entry_crystal_x, uniq_eustachio
Temple:   mainiacjoe_temple_archimedes_tessellation

Skill      XL: |  1  2  3  4  5  6  7 |
---------------+----------------------+-----
Conjurations   | 5 6 7 |  7.6
Stealth        | 3 4 |  4.7
Spellcasting   | 4 5 6 |  6.1
Hexes          | 2 3 4 |  4.0
Dodging        | 3 |  3.6
Fighting       | |  0.7

Action                   |  1- 3 |  4- 6 |  7- 9 || total
-------------------------+-------+-------+-------++-------
Melee: Dagger            |       |    11 |       ||    11
       Quarterstaff      |       |       |     4 ||     4
 Cast: Magic Dart        |    21 |    80 |    18 ||   119
       Searing Ray       |    12 |    69 |    18 ||    99
       Fulminant Prism   |       |       |     1 ||     1
  Use: Scroll            |     5 |     1 |     1 ||     7
Armor: Robe              |     1 |    11 |       ||    12
Dodge: Dodged            |     8 |    44 |     8 ||    60
